| TOP OF THE 1ST |
|
Lakewood BlueClaws batting - Pitching for Fort Wayne TinCaps : RHP Josh Thorne
|
|
Pitching: RHP Josh Thorne
|
|
|
Batting: LHB Matt Urbanek
|
0-0: Called Strike 0-1: Called Strike 0-2: Reached on error, E1 (Groundball, P, EV 65.6 MPH)
|
|
Batting: RHB Vaclav Been
|
0-0: Ball 1-0: Swinging Strike 1-1: Swinging Strike 1-2: Ball 2-2: Ball 3-2: Strikes out swinging
|
|
Batting: RHB Mike Bell
|
0-0: Ball 1-0: Called Strike 1-1: Ball 2-1: Called Strike 2-2: Ball 3-2: TRIPLE (Flyball, 8LXD, EV 100.0 MPH) Matt Urbanek scores
|
|
Batting: LHB Eric Farren
|
0-0: Called Strike 0-1: Ball 1-1: DOUBLE (Line Drive, 8LXD, EV 104.4 MPH) Mike Bell scores
|
|
Batting: LHB Joel Moore
|
0-0: Called Strike 0-1: Ball Wild Pitch! Eric Farren to third 1-1: Ball 2-1: Ball 3-1: Base on Balls
|
|
Batting: RHB Trent Hedrick
|
0-0: Foul Ball, location: 2F 0-1: Called Strike 0-2: Strikes out looking
|
|
Batting: SHB Steve DeRienzo
|
0-0: Ball 1-0: Called Strike 1-1: Called Strike 1-2: Strikes out looking
|
| Top of the 1st over - 2 runs, 2 hits, 1 error, 2 left on base; Lakewood 2 - Fort Wayne 0 |
| BOTTOM OF THE 1ST |
|
Fort Wayne TinCaps batting - Pitching for Lakewood BlueClaws : RHP Josh Howell
|
|
Pitching: RHP Josh Howell
|
|
|
Batting: SHB Detlef Oursler
|
0-0: Ball 1-0: Ball 2-0: Ball 3-0: Called Strike 3-1: Foul Ball, location: 2F 3-2: Foul Ball, location: 2F 3-2: Base on Balls
|
|
Batting: LHB Tony Contreras
|
0-0: Called Strike 0-1: Reached on error, E4 (Groundball, 4, EV 89.4 MPH) Detlef Oursler to second
|
|
Batting: LHB Chad Cutler
|
0-0: Ball 1-0: Called Strike 1-1: Ball 2-1: Ball 3-1: Called Strike 3-2: Foul Ball, location: 2F 3-2: Base on Balls Detlef Oursler to third Tony Contreras to second
|
|
Batting: RHB Dave Cordero
|
0-0: Swinging Strike 0-1: Fly out, F8 (Flyball, 8LD, EV 86.9 MPH) Runner from 3rd tags up, SCORES, throw by CF Tony Contreras to third
|
|
Batting: LHB Justin Alworth
|
0-0: Called Strike 0-1: Called Strike Chad Cutler steals 2nd base 0-2: Fly out, F9 (Flyball, 9D, EV 99.4 MPH)
|
|
Batting: LHB Ryan Anderson
|
0-0: Ball 1-0: DOUBLE (Line Drive, 89XD, EV 104.4 MPH) Tony Contreras scores Chad Cutler scores
|
|
Batting: RHB Marcus Dawson
|
0-0: SINGLE (Groundball, 6MS, EV 66.9 MPH) (infield hit) Ryan Anderson to third
|
|
Batting: RHB Danny Gallegos
|
0-0: Called Strike 0-1: SINGLE (Groundball, P, EV 85.6 MPH) (infield hit) Ryan Anderson scores Marcus Dawson to second
|
|
Batting: RHB Ricky Trejo
|
0-0: Ball 1-0: Fly out, F8 (Flyball, 78M, EV 91.9 MPH)
|
| Bottom of the 1st over - 4 runs, 3 hits, 1 error, 2 left on base; Lakewood 2 - Fort Wayne 4 |
| TOP OF THE 2ND |
|
Lakewood BlueClaws batting - Pitching for Fort Wayne TinCaps : RHP Josh Thorne
|
|
Batting: RHB Bryan Alfaro
|
0-0: Swinging Strike 0-1: Ball 1-1: Ball 2-1: Ball 3-1: Base on Balls
|
|
Batting: RHB Cory Bonham
|
0-0: Ball 1-0: Fielders Choice at 2nd, 4-6 (Groundball, 34, EV 85.6 MPH)
|
|
Batting: LHB Matt Urbanek
|
0-0: Called Strike 0-1: Swinging Strike 0-2: TRIPLE (Flyball, 89XD, EV 106.9 MPH) Cory Bonham scores
|
|
Batting: RHB Vaclav Been
|
0-0: Ball 1-0: Called Strike 1-1: Called Strike 1-2: Ball 2-2: Strikes out swinging
|
|
Batting: RHB Mike Bell
|
0-0: Ball 1-0: SINGLE (Line Drive, 34D, EV 97.5 MPH) Matt Urbanek scores
|
|
Batting: LHB Eric Farren
|
0-0: Ground out 4-3 (Groundball, 34, EV 83.8 MPH)
|
| Top of the 2nd over - 2 runs, 2 hits, 0 errors, 1 left on base; Lakewood 4 - Fort Wayne 4 |
| BOTTOM OF THE 2ND |
|
Fort Wayne TinCaps batting - Pitching for Lakewood BlueClaws : RHP Josh Howell
|
|
Batting: SHB Detlef Oursler
|
0-0: Called Strike 0-1: Foul Ball, location: 2F 0-2: Ball 1-2: Ball 2-2: Ball 3-2: Foul Ball, location: 2F 3-2: Base on Balls
|
|
Batting: LHB Tony Contreras
|
0-0: Called Strike Detlef Oursler steals 2nd base (no throw) 0-1: Ground out 5-3 (Groundball, 56, EV 100.0 MPH)
|
|
Batting: LHB Chad Cutler
|
0-0: Ball 1-0: Called Strike 1-1: Ball 2-1: Foul Ball, location: 2F 2-2: Ball 3-2: SINGLE (Groundball, 34D, EV 103.1 MPH) Detlef Oursler to third
|
|
Batting: RHB Dave Cordero
|
0-0: Ball 1-0: Foul Ball, location: 2F 1-1: 3-RUN HOME RUN (Line Drive, 7LD, EV 91.9 MPH), Distance : 333 ft
|
|
Pitching: RHP Alec Guglielmo
|
|
|
Batting: LHB Justin Alworth
|
0-0: Called Strike 0-1: Ball 1-1: Ball 2-1: Fly out, F7 (Flyball, 7D, EV 104.4 MPH)
|
|
Batting: LHB Ryan Anderson
|
0-0: Called Strike 0-1: DOUBLE (Line Drive, 9LM, EV 110.0 MPH)
|
|
Batting: RHB Marcus Dawson
|
0-0: Foul Ball, location: 2F 0-1: Ball 1-1: Fly out, F2 (Popup, 3SF, EV 79.4 MPH)
|
| Bottom of the 2nd over - 3 runs, 3 hits, 0 errors, 1 left on base; Lakewood 4 - Fort Wayne 7 |
| TOP OF THE 3RD |
|
Lakewood BlueClaws batting - Pitching for Fort Wayne TinCaps : RHP Josh Thorne
|
|
Batting: LHB Joel Moore
|
0-0: Called Strike 0-1: Fly out, F7 (Flyball, 7S, EV 86.9 MPH)
|
|
Batting: RHB Trent Hedrick
|
0-0: Ground out 6-3 (Groundball, 6, EV 96.9 MPH)
|
|
Batting: SHB Steve DeRienzo
|
0-0: Fly out, F7 (Flyball, 7, EV 88.8 MPH)
|
| Top of the 3rd over - 0 runs, 0 hits, 0 errors, 0 left on base; Lakewood 4 - Fort Wayne 7 |
| BOTTOM OF THE 3RD |
|
Fort Wayne TinCaps batting - Pitching for Lakewood BlueClaws : RHP Alec Guglielmo
|
|
Batting: RHB Danny Gallegos
|
0-0: Reached on error, E6 (Groundball, 6, EV 86.9 MPH)
|
|
Batting: RHB Ricky Trejo
|
0-0: Called Strike Danny Gallegos is caught stealing 2nd base 2-4 0-1: Foul Ball, location: 2F 0-2: Ball 1-2: Fly out, F5 (Popup, 5S, EV 75.6 MPH)
|
|
Batting: SHB Detlef Oursler
|
0-0: Ball 1-0: Called Strike 1-1: Ground out 6-3 (Groundball, 6, EV 86.2 MPH)
|
| Bottom of the 3rd over - 0 runs, 0 hits, 1 error, 0 left on base; Lakewood 4 - Fort Wayne 7 |
| TOP OF THE 4TH |
|
Lakewood BlueClaws batting - Pitching for Fort Wayne TinCaps : RHP Josh Thorne
|
|
Batting: RHB Bryan Alfaro
|
0-0: TRIPLE (Flyball, 89XD, EV 91.2 MPH)
|
|
Batting: RHB Cory Bonham
|
0-0: Called Strike 0-1: Swinging Strike 0-2: Ball 1-2: Strikes out swinging
|
|
Batting: LHB Matt Urbanek
|
0-0: Ball 1-0: Ball 2-0: Foul Ball, location: 2F 2-1: Ball 3-1: Base on Balls
|
|
Batting: RHB Vaclav Been
|
0-0: Called Strike 0-1: Ball 1-1: Foul Ball, location: 2F 1-2: Strikes out swinging
|
|
Batting: RHB Mike Bell
|
0-0: Foul Ball, location: 2F 0-1: Reached on error, E6 (Groundball, 56, EV 92.5 MPH) Bryan Alfaro scores Matt Urbanek to second
|
|
Pitching: RHP Kurt Loscalzo
|
|
|
Batting: LHB Eric Farren
|
0-0: Ball 1-0: Ball 2-0: Ball 3-0: Base on Balls Matt Urbanek to third Mike Bell to second
|
|
Batting: LHB Joel Moore
|
0-0: Ball 1-0: Called Strike 1-1: Swinging Strike 1-2: Ground out 1-3 (Groundball, 13, EV 59.4 MPH)
|
| Top of the 4th over - 1 run, 1 hit, 1 error, 3 left on base; Lakewood 5 - Fort Wayne 7 |
| BOTTOM OF THE 4TH |
|
Fort Wayne TinCaps batting - Pitching for Lakewood BlueClaws : RHP Alec Guglielmo
|
|
Batting: LHB Tony Contreras
|
0-0: Ball 1-0: Ball 2-0: DOUBLE (Line Drive, 78D, EV 98.8 MPH)
|
|
Batting: LHB Chad Cutler
|
0-0: Called Strike Tony Contreras steals 3rd base 0-1: Called Strike 0-2: Foul Ball, location: 2F 0-2: Foul Ball, location: 2F 0-2: Ball 1-2: 2-RUN HOME RUN (Flyball, 7D, EV 98.1 MPH), Distance : 385 ft
|
|
Batting: RHB Dave Cordero
|
0-0: Ball 1-0: Ball 2-0: Called Strike 2-1: Foul Ball, location: 2F 2-2: Foul Ball, location: 2F 2-2: Ball 3-2: Ground out 6-3 (Groundball, 6S, EV 90.0 MPH)
|
|
Batting: LHB Justin Alworth
|
0-0: Ball 1-0: Called Strike 1-1: Ball 2-1: Ball 3-1: Foul Ball, location: 2F 3-2: Base on Balls
|
|
Batting: LHB Ryan Anderson
|
0-0: Foul Ball, location: 2F 0-1: Ball 1-1: SINGLE (Groundball, 34S, EV 78.8 MPH) (infield hit) Justin Alworth to second
|
|
Batting: RHB Marcus Dawson
|
0-0: Ball 1-0: Ball 2-0: Ball 3-0: Base on Balls Justin Alworth to third Ryan Anderson to second
|
|
Batting: RHB Danny Gallegos
|
0-0: Called Strike 0-1: Ball 1-1: Ball 2-1: Swinging Strike 2-2: Strikes out swinging
|
|
Pitching: RHP Francisco Tejada
|
|
|
Batting: RHB Ricky Trejo
|
0-0: Fielders Choice at 2nd, 5-4 (Groundball, 56, EV 90.0 MPH)
|
| Bottom of the 4th over - 2 runs, 3 hits, 0 errors, 3 left on base; Lakewood 5 - Fort Wayne 9 |
| TOP OF THE 5TH |
|
Lakewood BlueClaws batting - Pitching for Fort Wayne TinCaps : RHP Kurt Loscalzo
|
|
Batting: RHB Trent Hedrick
|
0-0: Ground out 4-3 (Groundball, 34D, EV 108.8 MPH)
|
|
Batting: SHB Steve DeRienzo
|
0-0: Ground out 4-3 (Groundball, 4S, EV 83.8 MPH)
|
|
Batting: RHB Bryan Alfaro
|
0-0: Ball 1-0: Ball 2-0: Called Strike 2-1: Ball 3-1: Ground out 5-3 (Groundball, 56S, EV 69.4 MPH)
|
| Top of the 5th over - 0 runs, 0 hits, 0 errors, 0 left on base; Lakewood 5 - Fort Wayne 9 |
| BOTTOM OF THE 5TH |
|
Fort Wayne TinCaps batting - Pitching for Lakewood BlueClaws : RHP Francisco Tejada
|
|
Batting: SHB Detlef Oursler
|
0-0: Called Strike 0-1: Ball 1-1: Swinging Strike 1-2: Strikes out looking
|
|
Batting: LHB Tony Contreras
|
0-0: Called Strike 0-1: Ball 1-1: Foul Ball, location: 2F 1-2: Fly out, F8 (Flyball, 78M, EV 81.9 MPH)
|
|
Batting: LHB Chad Cutler
|
0-0: Ball 1-0: Ball 2-0: Called Strike 2-1: Ball 3-1: Foul Ball, location: 2F 3-2: Base on Balls
|
|
Batting: RHB Dave Cordero
|
0-0: Called Strike 0-1: Fly out, F9 (Flyball, 9D, EV 90.0 MPH)
|
| Bottom of the 5th over - 0 runs, 0 hits, 0 errors, 1 left on base; Lakewood 5 - Fort Wayne 9 |
| TOP OF THE 6TH |
|
Lakewood BlueClaws batting - Pitching for Fort Wayne TinCaps : RHP Kurt Loscalzo
|
|
Batting: RHB Cory Bonham
|
0-0: Ball 1-0: Ball 2-0: Ball 3-0: Base on Balls
|
|
Batting: LHB Matt Urbanek
|
0-0: Ball 1-0: Called Strike 1-1: Called Strike 1-2: Strikes out swinging
|
|
Batting: RHB Vaclav Been
|
0-0: Ball 1-0: Ball 2-0: Swinging Strike 2-1: Fly out, F9 (Flyball, 9LS, EV 90.6 MPH)
|
|
Batting: RHB Mike Bell
|
0-0: Ball 1-0: Swinging Strike 1-1: Swinging Strike 1-2: Strikes out swinging
|
| Top of the 6th over - 0 runs, 0 hits, 0 errors, 1 left on base; Lakewood 5 - Fort Wayne 9 |
| BOTTOM OF THE 6TH |
|
Fort Wayne TinCaps batting - Pitching for Lakewood BlueClaws : RHP Francisco Tejada
|
|
Batting: LHB Justin Alworth
|
0-0: Called Strike 0-1: Foul Ball, location: 2F 0-2: Ball 1-2: Foul Ball, location: 2F 1-2: Foul Ball, location: 2F 1-2: Foul Ball, location: 2F 1-2: SOLO HOME RUN (Line Drive, 78XD, EV 101.9 MPH), Distance : 400 ft
|
|
Batting: LHB Ryan Anderson
|
0-0: Ball 1-0: Fly out, F8 (Flyball, 8LXD, EV 71.9 MPH)
|
|
Batting: RHB Marcus Dawson
|
0-0: Called Strike 0-1: Ball 1-1: Ball 2-1: Foul Ball, location: 2F 2-2: Foul Ball, location: 2F 2-2: Ball 3-2: Base on Balls
|
|
Batting: RHB Danny Gallegos
|
0-0: Swinging Strike 0-1: Ball Marcus Dawson steals 2nd base 1-1: Ball 2-1: Foul Ball, location: 2F 2-2: Ball 3-2: Strikes out swinging
|
|
Batting: RHB Ricky Trejo
|
0-0: Called Strike 0-1: Ground out U3 (Groundball, 23, EV 78.8 MPH)
|
| Bottom of the 6th over - 1 run, 1 hit, 0 errors, 1 left on base; Lakewood 5 - Fort Wayne 10 |
| TOP OF THE 7TH |
|
Lakewood BlueClaws batting - Pitching for Fort Wayne TinCaps : RHP Kurt Loscalzo
|
|
Batting: LHB Eric Farren
|
0-0: Called Strike 0-1: Ball 1-1: Swinging Strike 1-2: Strikes out swinging
|
|
Batting: LHB Joel Moore
|
0-0: Foul Ball, location: 2F 0-1: DOUBLE (Flyball, 78XD, EV 107.5 MPH)
|
|
Pitching: RHP Jaylen Johnson
|
|
|
Batting: RHB Trent Hedrick
|
0-0: Ground out 4-3 (Groundball, 4, EV 108.1 MPH) Joel Moore to third
|
|
Batting: SHB Steve DeRienzo
|
0-0: Ball 1-0: SINGLE (Groundball, 3S, EV 68.1 MPH) (infield hit) Joel Moore scores
|
|
Batting: RHB Bryan Alfaro
|
0-0: Called Strike Steve DeRienzo steals 2nd base 0-1: Ball 1-1: Swinging Strike 1-2: Strikes out looking
|
| Top of the 7th over - 1 run, 2 hits, 0 errors, 1 left on base; Lakewood 6 - Fort Wayne 10 |
| BOTTOM OF THE 7TH |
|
Fort Wayne TinCaps batting - Pitching for Lakewood BlueClaws : RHP Francisco Tejada
|
|
Pitching: RHP Ramon Mena
|
|
|
Batting: SHB Detlef Oursler
|
0-0: Swinging Strike 0-1: Foul Ball, location: 2F 0-2: Ball 1-2: Ball 2-2: Ground out 6-3 (Groundball, 6, EV 78.8 MPH)
|
|
Batting: LHB Tony Contreras
|
0-0: Ball 1-0: Ball 2-0: Ball 3-0: Base on Balls
|
|
Batting: LHB Chad Cutler
|
0-0: Fly out, F7 (Line Drive, 7S, EV 108.1 MPH)
|
|
Batting: RHB Dave Cordero
|
0-0: Called Strike 0-1: Fly out, F9 (Flyball, 89XD, EV 82.5 MPH)
|
| Bottom of the 7th over - 0 runs, 0 hits, 0 errors, 1 left on base; Lakewood 6 - Fort Wayne 10 |
| TOP OF THE 8TH |
|
Lakewood BlueClaws batting - Pitching for Fort Wayne TinCaps : RHP Jaylen Johnson
|
|
Batting: RHB Cory Bonham
|
0-0: Called Strike 0-1: Foul Ball, location: 2F 0-2: Strikes out swinging
|
|
Batting: LHB Matt Urbanek
|
0-0: Ball 1-0: Ground out 4-3 (Groundball, 4M, EV 96.2 MPH)
|
|
Batting: RHB Vaclav Been
|
0-0: Ball 1-0: Foul Ball, location: 2F 1-1: Swinging Strike 1-2: Ball 2-2: Foul Ball, location: 2F 2-2: Ground out U3 (Groundball, 3, EV 86.9 MPH)
|
| Top of the 8th over - 0 runs, 0 hits, 0 errors, 0 left on base; Lakewood 6 - Fort Wayne 10 |
| BOTTOM OF THE 8TH |
|
Fort Wayne TinCaps batting - Pitching for Lakewood BlueClaws : RHP Ramon Mena
|
|
Batting: LHB Justin Alworth
|
0-0: Called Strike 0-1: Called Strike 0-2: Foul Ball, location: 2F 0-2: Ball 1-2: Ball 2-2: Ball 3-2: Strikes out looking
|
|
Batting: LHB Ryan Anderson
|
0-0: Called Strike 0-1: Ball 1-1: Ball 2-1: Swinging Strike 2-2: Ball 3-2: Base on Balls
|
|
Batting: RHB Marcus Dawson
|
0-0: Ball 1-0: Hit by Pitch Ryan Anderson to second
|
|
Batting: RHB Danny Gallegos
|
0-0: Called Strike 0-1: Ball 1-1: Swinging Strike 1-2: Strikes out swinging
|
|
Batting: RHB Ricky Trejo
|
0-0: Ball Wild Pitch! Ryan Anderson to third Marcus Dawson to second 1-0: Called Strike 1-1: Ground out 3-1 (Groundball, 34, EV 86.2 MPH)
|
| Bottom of the 8th over - 0 runs, 0 hits, 0 errors, 2 left on base; Lakewood 6 - Fort Wayne 10 |
| TOP OF THE 9TH |
|
Lakewood BlueClaws batting - Pitching for Fort Wayne TinCaps : RHP Jaylen Johnson
|
|
Batting: RHB Mike Bell
|
0-0: Foul Ball, location: 2F 0-1: Ball 1-1: Foul Ball, location: 2F 1-2: Ball 2-2: Strikes out swinging
|
|
Batting: LHB Eric Farren
|
0-0: Ball 1-0: Swinging Strike 1-1: DOUBLE (Line Drive, 9LS, EV 106.2 MPH)
|
|
Batting: LHB Joel Moore
|
0-0: Called Strike 0-1: Swinging Strike 0-2: Foul Ball, location: 2F 0-2: Ball 1-2: Foul Ball, location: 2F 1-2: Ground out 6-3 (Groundball, 4MD, EV 77.5 MPH) Eric Farren to third
|
|
Batting: RHB Trent Hedrick
|
0-0: SINGLE (Line Drive, 4D, EV 96.9 MPH) Eric Farren scores
|
|
Pitching: RHP Phil Holmes
|
|
|
Batting: SHB Steve DeRienzo
|
0-0: Ball 1-0: Swinging Strike 1-1: Ball 2-1: Ball 3-1: Foul Ball, location: 2F 3-2: DOUBLE (Groundball, 5L, EV 100.0 MPH) Trent Hedrick to third Trent Hedrick scores
|
|
Batting: RHB Bryan Alfaro
|
0-0: Called Strike 0-1: Ball 1-1: Ball Wild Pitch! Steve DeRienzo to third 2-1: Foul Ball, location: 2F 2-2: Foul Ball, location: 2F 2-2: Ball 3-2: Foul Ball, location: 2F 3-2: Base on Balls
|
|
Batting: RHB Cory Bonham
|
0-0: Ball 1-0: Fly out, F8 (Flyball, 8RM, EV 90.0 MPH)
|
| Top of the 9th over - 2 runs, 3 hits, 0 errors, 2 left on base; Lakewood 8 - Fort Wayne 10 |
|